← All builds
Front / Cortex / Economy first / OBSERVED BUILD

Standard front

Cortex Front build order · Supreme Isthmus

The role's default economy-first play: Bot Lab right away, Advanced Metal Extractor around 9:12, transitioning into the usual Thug/Grunt/Aggravator mix to hold the wider gap and feed the middle.

#eco #defence · 177 distinct matches · 62 players · 64% of Cortex Front games · team won 44% of 179 · Recently observed

HOW TO PLAY IT

Key timing: Bot Lab by 0:40

  1. Take 3 mex, then wind before opening Bot Lab.
  2. Finish Bot Lab, start producing Thug, Grunt and Aggravator.
  3. Send early units to coast first to stop leaks, not straight to mid.
  4. Add Twin Guard and Radar Tower to hold the wider gap.
  5. Bring Advanced Metal Extractor online as army transitions to T2.

Phase by phase

TYPICAL OF ITS 177 GAMES
  1. 1
  2. 2
  3. 3
PLAY THE OPENING

Follow the example game's first 6:00 step by step: what to build now, what comes next, and where it goes. At 1× it keeps pace with your own game.

  1. 1

    Up to the Bot Lab

    Economy
    • Metal Extractor2Mex
    • Wind Turbine1Wind
    Order
    1. Bot LabBot Lab after 2 mex, 1 winddone ~0:40, middle half 0:34–0:46

    By 0:24 in all: 2 mex · 1 wind

    The example game in this phase · 2 steps
    1. Mex ×2
    2. Bot LabBot Labdone 0:35 · typical 0:40
  2. 2

    Bot Lab to 5:00

    Economy
    • Metal Extractor4Mex
    • Wind Turbine4Wind
    Builders
    • Construction Bot3 Con bot
    • Graverobber2 Graverobber
    Army
    • Guard2 Guard
    • Thug6 Thug
    • Aggravator5 Aggravator
    • Grunt4 Grunt

    Some games also: con turret (42%) · Radar Tower (35%)

    By 5:00 in all: 6 mex · 5 wind

    The example game in this phase · 24 steps
    1. Wind
    2. GruntGrunt ×3
    3. Construction BotCon bot
    4. Wind ×2
    5. GraverobberGraverobber
    6. Mex
    7. Construction BotCon bot
    8. Mex
    9. Construction BotCon bot
    10. Mex
    11. ThugThug ×3
    12. GuardGuard
    13. Mex
    14. ThugThug
    15. GuardGuard
    16. ThugThug ×6
    17. Mex
    18. ThugThug ×5
    19. Wind
    20. ThugThug
    21. Wind
    22. Bot LabBot Labdone 4:39
    23. ThugThug
    24. GraverobberGraverobber ×2
  3. 3

    5:00 to 10:00

    Economy
    • Metal Extractor1Mex
    • Wind Turbine17Wind
    Builders
    • Construction Turret2 Con turret
    • Graverobber2 Graverobber
    • Construction Bot1 Con bot
    Army
    • Guard1 Guard
    • Grunt7 Grunt
    • Thug2 Thug

    Some games also: aggravator (46%) · energy storage (42%) · Twin Guard (36%) · converter (35%) · Radar Tower (35%)

    By 10:00 in all: 7 mex · 24 wind · 1 energy storage · 3 con turret

    The example game in this phase · 80 steps
    1. ThugThug ×2
    2. GraverobberGraverobber ×3
    3. Wind
    4. ThugThug ×2
    5. Wind
    6. ThugThug
    7. Wind
    8. ThugThug ×2
    9. Wind
    10. ThugThug ×3
    11. Wind
    12. ThugThug ×2
    13. Wind
    14. ThugThug ×2
    15. Advanced Metal ExtractorT2 mexdone 7:31 · typical 9:10
    16. ThugThug ×2
    17. BlitzBlitz
    18. Wind
    19. ThugThug ×3
    20. Wind
    21. ThugThug ×3
    22. Wind ×3
    23. ThugThug
    24. Wind
    25. Advanced Metal ExtractorT2 mex
    26. Wind ×2
    27. TrasherTrasher
    28. Wind ×2
    29. TrasherTrasher
    30. Wind
    31. TrasherTrasher ×3
    32. Wind
    33. GraverobberGraverobber ×2
    34. Advanced Metal ExtractorT2 mex
    35. Energy storage
    36. Wind ×2
    37. ThugThug
    38. Wind ×4
    39. ThugThug
    40. Wind ×2
    41. ThugThug
    42. Advanced Metal ExtractorT2 mex
    43. ThugThug ×2
    44. Construction BotCon bot
    45. Wind
    46. ThugThug ×4
    47. Wind
    48. Con turret
    49. ThugThug
    50. Wind
    51. Advanced Metal ExtractorT2 mex
    52. Aircraft PlantAircraft Plantdone 10:59
    53. ThugThug ×2
    54. HephaestusHeavy transport
    55. Wind
    56. ThugThug ×4
    57. Advanced Metal ExtractorT2 mex
    58. ThugThug ×2
    59. Construction AircraftCon aircraft
    60. Pit BullPit Bull
    61. Bot LabBot Labdone 13:25
    62. PawnPawn ×5
    63. Con turret
    64. PawnPawn
    65. Advanced Metal ExtractorT2 mex
    66. Wind
    67. PawnPawn
    68. Con turret
    69. PawnPawn
    70. Wind
    71. PawnPawn
    72. Bot LabBot Labdone 14:42
    73. PawnPawn
    74. Wind
    75. PawnPawn
    76. GruntGrunt ×2
    77. PawnPawn
    78. GruntGrunt
    79. PawnPawn
    80. GruntGrunt

Counts are medians over the build's games: half of them build more, half fewer. The example game is XXMACGAMERXX's (35 OS, 02/09/2026); pick another.

Team trades

IN AT LEAST 30% OF ITS GAMES

You hand over

Nothing regular.

You get

  • Tidal Generator4 Tidal from Pondfirst at 0:17 · in 68% of games
  • Advanced Construction Bot1 T2 con bot from Geo or Techfirst at 7:26 · in 66% of games

How it plays out

Typical game of this build, running totals by minute

Metal produced

010k20k30k
0:005:0010:0015:00

metal

Enemy metal destroyed

02.5k5k7.5k
0:005:0010:0015:00

metal

Own metal lost

05k10k
0:005:0010:0015:00

metal

179 games.

Show as table
ByMetal produced: This buildEnemy metal destroyed: This buildOwn metal lost: This build
1:0033100
2:0085800
3:0016248686
4:002692359336
5:003828938883
6:00505116831622
7:00633024302606
8:00769932503477
9:00914838644317
10:001091543525092
11:001287049345948
12:001507052866934
13:001774557647566
14:002019663178516
15:002293570989484
WHAT THE NUMBERS SAY

This build has the worst win rate of the roles shown and trails Suicide front on kills while losing nearly as much metal.

  • + Produces more metal than Suicide front by 15:00 (22286 vs 18297).
  • + T2 constructor lands slightly faster (7:41) than Suicide front's 8:07.
  • − Loses 9797 own metal by 15:00, close to what it destroys (6775).
  • − Wins only 40% of games, well below every other role shown.
THE EXAMPLE YOU ARE READING

XXMACGAMERXX

35.3 OS · 02/09/2026

Open source match ↗

6 received units · includes a constructor
278 metal received · 25953 energy received

Allied construction assistance is unknown. Timings are observations, not a promise of solo reproducibility.

Typical milestones

Bot Lab0:40Middle 50%: 0:34–0:46 · n=164
Advanced Metal Extractor9:10Middle 50%: 8:09–10:29 · n=140

Played most by

Hummell19games of this buildwatermeloans19games of this buildiLike2Eco12games of this buildCentientWaffle9games of this buildGeeGee9games of this build